[Event "Monday 15 January Rapid Engine Tour 12+1 Rounds 9 Starts 1600 ST"]
[Site "Infinity Chess"]
[Date "2018.1.15"]
[Round "1"]
[White "Satria_Ungu"]
[Black "Vimtiroba"]
[Result "1/2-1/2"]
[ECO "C50"]
[WhiteElo "2423"]
[BlackElo "2473"]
[WhiteEngine "Houdini 6"]
[BlackEngine "Corchess 2.0_CTG"]
[EventType "Swiss"]
[WhiteTeam ""]
[BlackTeam ""]
[PlyCount "136"]
[TimeControl "720+1"]

1. e4 e5 2. Nf3 Nc6 3. Bc4 Bc5 4. O-O Nf6 5. d3 d6 6. c3 a5 7. Bg5 Ba7 
8. Nbd2 h6 9. Bh4 g5 10. Bg3 O-O 11. a4 Kg7 12. Nb3 Ne7 13. Re1 Nh5 14. d4 Nxg3 
15. hxg3 Ng6 16. Nh2 c6 17. Nf1 f5 18. exf5 Bxf5 19. Ne3 d5 20. Be2 e4 
21. Rc1 Ne7 22. Bh5 Bd7 23. Bg4 b6 24. c4 Be8 25. Bh5 Bb8 26. Na1 Qd7 
27. Nac2 Bxh5 28. Qxh5 Bd6 29. Nd1 Rad8 30. Nce3 Bb4 31. Re2 Qe6 32. cxd5 Nxd5 
33. Qh3 Qg6 34. Ng4 c5 35. Ne5 Qe8 36. Rxe4 Bd2 37. Rc2 Nf6 38. Re2 g4 
39. Qh1 Rxd4 40. Rcxd2 Rxd2 41. Rxd2 Qxe5 42. Ne3 Re8 43. Kh2 Qh5+ 44. Kg1 Qxh1+ 
45. Kxh1 h5 46. Kg1 Kf7 47. b3 Ne4 48. Rd3 Re6 49. Nc4 Kf6 50. Rd7 Kg6 
51. Rd5 Nc3 52. Rd6 Rxd6 53. Nxd6 Ne2+ 54. Kf1 Nd4 55. Ke1 Nxb3 56. Ke2 Kf6 
57. Kd3 Nc1+ 58. Kc4 Ke6 59. Nc8 b5+ 60. Kxb5 Kd5 61. Kxa5 c4 62. Kb4 Kd4 
63. Nd6 Nd3+ 64. Kb5 c3 65. Nf5+ Ke4 66. Nd6+ Kd4 67. Nf5+ Ke4 68. Nd6+ Kd4 
1/2-1/2

[Event "Monday 15 January Rapid Engine Tour 12+1 Rounds 9 Starts 1600 ST"]
[Site "Infinity Chess"]
[Date "2018.1.15"]
[Round "1"]
[White "Katzenmaier"]
[Black "Coco69"]
[Result "1/2-1/2"]
[ECO "C26"]
[WhiteElo "2481"]
[BlackElo "2424"]
[WhiteEngine "S_XPrO.251117.x64.POPCNT_CTG"]
[BlackEngine "asmfishw_2018-01-12_base"]
[EventType "Swiss"]
[WhiteTeam ""]
[BlackTeam ""]
[PlyCount "87"]
[TimeControl "720+1"]

1. e4 e5 2. Nc3 Nf6 3. g3 Nc6 4. Bg2 Bc5 5. d3 O-O 6. Nge2 Re8 7. O-O Nd4 
8. Na4 Nxe2+ 9. Qxe2 Bf8 10. c4 c6 11. b3 b5 12. Nc3 a6 13. Qc2 h6 14. Bb2 Qb6 
15. Rad1 Rb8 16. Rc1 Qa5 17. h3 Ba3 18. Bxa3 Qxa3 19. f4 d6 20. Qd2 Qa5 
21. Rf2 Qd8 22. Kh2 b4 23. Nd1 Qe7 24. Ne3 a5 25. Rcf1 Ra8 26. h4 Be6 
27. fxe5 dxe5 28. Rxf6 gxf6 29. Bh3 h5 30. Qe2 Kg7 31. Qxh5 Rh8 32. Qd1 Rag8 
33. Qf3 Rd8 34. Rd1 a4 35. Bf5 axb3 36. axb3 Ra8 37. Rf1 Ra2+ 38. Kh3 c5 
39. Bxe6 Qxe6+ 40. Nf5+ Kf8 41. Rf2 Ra3 42. Qe3 Qb6 43. Rb2 Qa7 44. Qd2 1/2-1/2

[Event "Monday 15 January Rapid Engine Tour 12+1 Rounds 9 Starts 1600 ST"]
[Site "Infinity Chess"]
[Date "2018.1.15"]
[Round "1"]
[White "SkyPilot"]
[Black "Marsell"]
[Result "1/2-1/2"]
[ECO "C55"]
[WhiteElo "2430"]
[BlackElo "2488"]
[WhiteEngine "stockfish_x64_bmi2_2018_01_01_CTG"]
[BlackEngine "asmFishW_2018-01-11_popcnt"]
[EventType "Swiss"]
[WhiteTeam ""]
[BlackTeam ""]
[PlyCount "76"]
[TimeControl "720+1"]

1. e4 e5 2. Nf3 Nc6 3. Bc4 Nf6 4. d3 Bc5 5. O-O d6 6. c3 O-O 7. Bg5 h6 8. Bh4 a6 
9. Nbd2 Ba7 10. Bb3 Na5 11. Ba4 g5 12. Bg3 Nh5 13. b4 Nxg3 14. hxg3 Nc6 
15. Bxc6 bxc6 16. Nb3 Re8 17. Qd2 Rb8 18. Rfe1 Bd7 19. Rad1 Qe7 20. Rb1 c5 
21. bxc5 Bxc5 22. Nxc5 dxc5 23. Nh2 Qd6 24. Nf1 Rxb1 25. Rxb1 f5 26. Qc2 f4 
27. Nd2 Bb5 28. c4 Bd7 29. gxf4 exf4 30. Qc3 Kh7 31. Rb7 Kg6 32. Qa5 Qxd3 
33. Rxc7 Rxe4 34. Nxe4 Qd1+ 35. Kh2 Qh5+ 36. Kg1 Qd1+ 37. Kh2 Qh5+ 38. Kg1 Qd1+ 
1/2-1/2

[Event "Monday 15 January Rapid Engine Tour 12+1 Rounds 9 Starts 1600 ST"]
[Site "Infinity Chess"]
[Date "2018.1.15"]
[Round "1"]
[White "Harry_Potter"]
[Black "KULLANI"]
[Result "1/2-1/2"]
[ECO "A20"]
[WhiteElo "2517"]
[BlackElo "2434"]
[WhiteEngine "Stockfish_18011309_x64_bmi2_CTG"]
[BlackEngine "BrainFish_180106_x64_CTG"]
[EventType "Swiss"]
[WhiteTeam ""]
[BlackTeam ""]
[PlyCount "110"]
[TimeControl "720+1"]

1. c4 e5 2. g3 Nf6 3. Nc3 d5 4. cxd5 Nxd5 5. Bg2 Nb6 6. a3 Be7 7. Nf3 Nc6 
8. O-O O-O 9. d3 Be6 10. Be3 a5 11. a4 Nd5 12. Nxd5 Bxd5 13. Rc1 Bb4 14. Qc2 Re8 
15. Ne1 f6 16. Bxd5+ Qxd5 17. Qc4 Qf7 18. Nf3 Re7 19. Qxf7+ Kxf7 20. Rc4 Rd8 
21. Rfc1 Rd5 22. Kg2 h5 23. h3 Red7 24. Bd2 Bd6 25. Be3 Bb4 26. Bd2 Bd6 
27. g4 g6 28. Kf1 Ke6 29. gxh5 gxh5 30. Bc3 Rd8 31. Rh4 Rh8 32. d4 exd4 
33. Bxd4 Ne5 34. Re4 Kf5 35. Re3 Rg8 36. Bc3 Nd7 37. Nh4+ Kg5 38. Re4 Nc5 
39. Rc4 Nb3 40. Re1 b6 41. e3 Rc5 42. Nf3+ Kg6 43. Rh4 Be5 44. Nxe5+ fxe5 
45. Rd1 Kg5 46. Re4 Kf5 47. f3 c6 48. Rh4 Kg5 49. Re4 Kf5 50. Rd6 b5 
51. axb5 cxb5 52. Rh4 Kg5 53. Re4 Kf5 54. Rh4 Kg5 55. Re4 Kf5 1/2-1/2

[Event "Monday 22January Rapid Engine Tour 12+1 Rounds 9 Starts 1600 ST"]
[Site "Infinity Chess"]
[Date "2018.1.22"]
[Round "9"]
[White "Dovahkiin"]
[Black "Prometheus"]
[Result "1/2-1/2"]
[ECO ""]
[WhiteElo "2424"]
[BlackElo "2432"]
[WhiteEngine "BrainFish_180113_x64_modern_CTG"]
[BlackEngine "Eman 1.58-64bit-IDeA"]
[EventType "Swiss"]
[WhiteTeam ""]
[BlackTeam ""]
[PlyCount "135"]
[TimeControl "720+1"]

1. e3 d5 2. d3 c5 3. d4 Nc6 4. c3 Nf6 5. Nf3 e6 6. Nbd2 Bd6 7. dxc5 Bxc5 
8. b4 Be7 9. Bb2 O-O 10. Be2 a6 11. a4 b6 12. O-O Bb7 13. b5 axb5 14. axb5 Na5 
15. c4 Rc8 16. cxd5 Nxd5 17. Rc1 Bf6 18. Rxc8 Qxc8 19. Bxf6 Nxf6 20. Qb1 Qb8 
21. Rc1 Qd6 22. Qb2 Rd8 23. Rc3 Qb8 24. Rc2 Nd7 25. Qb4 Bd5 26. g3 h6 27. Ne1 e5 
28. Nd3 Be6 29. Rc1 Nf6 30. Qb2 Rd5 31. Rc2 Bf5 32. Nb4 Rd6 33. Rc1 Rxd2 
34. Qxd2 Nb3 35. Nc6 Qc7 36. Qd1 Nxc1 37. Qxc1 Qd6 38. Qd1 Qc5 39. Qa1 Nd7 
40. Qd1 Nf6 41. Qa1 Nd7 42. Qa4 Qd6 43. Qa8+ Kh7 44. Qd8 Qd2 45. Ne7 Qe1+ 
46. Kg2 Be4+ 47. Bf3 Bxf3+ 48. Kxf3 Nf6 49. Kg2 Qb4 50. Qf8 Qe4+ 51. Kg1 Qb1+ 
52. Kg2 Qxb5 53. Qxf7 Qb1 54. h3 h5 55. g4 hxg4 56. hxg4 Qb4 57. f3 Qd2+ 
58. Kg3 Qe1+ 59. Kg2 Qe2+ 60. Kg3 Qxe3 61. Qg6+ Kh8 62. Qc2 Qg1+ 63. Kh4 e4 
64. Qc8+ Kh7 65. Qf5+ Kh8 66. Qc8+ Kh7 67. Qf5+ Kh8 68. Qc8+ 1/2-1/2

[Event "Monday 22January Rapid Engine Tour 12+1 Rounds 9 Starts 1600 ST"]
[Site "Infinity Chess"]
[Date "2018.1.22"]
[Round "9"]
[White "IronMan"]
[Black "OlivierEvan"]
[Result "1/2-1/2"]
[ECO "C26"]
[WhiteElo "2392"]
[BlackElo "2394"]
[WhiteEngine "Eman 1.58 64-bit BMI2"]
[BlackEngine "Houdini 6"]
[EventType "Swiss"]
[WhiteTeam ""]
[BlackTeam ""]
[PlyCount "132"]
[TimeControl "720+1"]

1. e4 e5 2. Nc3 Nf6 3. Nf3 Nc6 4. Bb5 Nd4 5. Nxd4 exd4 6. e5 dxc3 7. exf6 Qxf6 
8. dxc3 Bc5 9. Qe2+ Qe6 10. Qxe6+ fxe6 11. O-O a6 12. Bd3 O-O 13. Be3 Bxe3 
14. fxe3 Rxf1+ 15. Rxf1 d6 16. g4 Bd7 17. g5 g6 18. c4 Rf8 19. Be4 Rxf1+ 
20. Kxf1 c6 21. b4 b6 22. Ke2 Kf8 23. Kd2 Ke7 24. c5 bxc5 25. bxc5 dxc5 
26. Kc3 Kd6 27. Bd3 Bc8 28. a3 Ke5 29. Kc4 Kd6 30. h4 e5 31. Kc3 a5 32. Bc4 a4 
33. e4 Ke7 34. Bg8 Ba6 35. Ba2 Bf1 36. Bg8 Bg2 37. Kd3 Bf1+ 38. Kd2 c4 
39. c3 Kf8 40. Be6 Bd3 41. Ke3 Bc2 42. Bd7 c5 43. Bb5 Bb3 44. Kf3 Kg8 
45. Bc6 Bd1+ 46. Ke3 Kg7 47. Bd5 Bb3 48. Bc6 h6 49. Bd5 hxg5 50. hxg5 Kf8 
51. Bc6 Ke7 52. Kd2 Kf7 53. Bb7 Ke7 54. Bd5 Kf8 55. Ba8 Kf7 56. Bd5+ Kf8 
57. Ke2 Ke7 58. Ke3 Kf8 59. Bc6 Ke7 60. Bd5 Ba2 61. Kf2 Bb1 62. Kf3 Ba2 
63. Ke2 Bb1 64. Kf3 Ba2 65. Ke3 Bb3 66. Kd2 Kf8 1/2-1/2

[Event "Monday 22January Rapid Engine Tour 12+1 Rounds 9 Starts 1600 ST"]
[Site "Infinity Chess"]
[Date "2018.1.22"]
[Round "9"]
[White "Victorious"]
[Black "Satria_Ungu"]
[Result "1-0"]
[ECO "A04"]
[WhiteElo "2457"]
[BlackElo "2404"]
[WhiteEngine "BugChess2.41_Release"]
[BlackEngine "Houdini 6_CTG"]
[EventType "Swiss"]
[WhiteTeam ""]
[BlackTeam ""]
[PlyCount "167"]
[TimeControl "720+1"]

1. Nf3 c5 2. e4 d6 3. d4 cxd4 4. Nxd4 Nf6 5. Nc3 a6 6. Be3 e5 7. Nb3 Be6 
8. f3 h5 9. a4 Be7 10. Be2 Nbd7 11. O-O O-O 12. Nd5 Nxd5 13. exd5 Bf5 
14. Qd2 Bg6 15. Na5 Qc8 16. Rac1 Re8 17. b4 Bd8 18. Nc4 Bc7 19. a5 Rb8 
20. c3 Qd8 21. Bd1 Rc8 22. Ba4 Re7 23. Bb3 Re8 24. Bg5 f6 25. Be3 Kh7 26. Bc2 f5 
27. Bg5 Nf6 28. f4 e4 29. Qd4 Qd7 30. Rfe1 Bd8 31. Bb3 Rb8 32. Nb6 Qc7 
33. h3 Rf8 34. c4 Nd7 35. Bxd8 Rbxd8 36. Qe3 Nf6 37. c5 Bf7 38. Red1 Rfe8 
39. Ba4 Rf8 40. c6 Be8 41. Nc4 Rf7 42. Qb6 Re7 43. Ne3 g6 44. Qd4 Rf7 45. Nc4 h4 
46. Qf2 Kg7 47. Qxh4 bxc6 48. dxc6 d5 49. Ne5 d4 50. Qf2 d3 51. Nxf7 Bxf7 
52. Qb2 Rc8 53. g3 g5 54. Rc5 Kg6 55. Rd2 Qd6 56. Qc3 Rc7 57. b5 axb5 
58. Bxb5 Bb3 59. a6 Nd5 60. Qd4 gxf4 61. gxf4 Kh7 62. Rg2 Qxf4 63. a7 Rxa7 
64. c7 Rxc7 65. Be8 Qe3+ 66. Qxe3 Nxe3 67. Rxc7+ Kh8 68. Rb2 Nd5 69. Rc8 Ne7 
70. Rd8 Bc2 71. Rb7 Kg7 72. Rxe7+ Kf6 73. Rf7+ Ke5 74. Bd7 f4 75. Bg4 Bb3 
76. Rf5+ Ke6 77. Rb5+ Ke7 78. Rd7+ Kf6 79. Rxb3 f3 80. Rd5 f2+ 81. Kf1 d2 
82. Rb6+ Kg7 83. Rd7+ Kh8 84. Rb8# 1-0

[Event "Monday 22January Rapid Engine Tour 12+1 Rounds 9 Starts 1600 ST"]
[Site "Infinity Chess"]
[Date "2018.1.22"]
[Round "9"]
[White "ivrdurant"]
[Black "KULLANI"]
[Result "1/2-1/2"]
[ECO "C50"]
[WhiteElo "2384"]
[BlackElo "2426"]
[WhiteEngine "Raubfisch X37b3._CTG"]
[BlackEngine "asmfish-popcnt-012018-W_CTG"]
[EventType "Swiss"]
[WhiteTeam ""]
[BlackTeam ""]
[PlyCount "153"]
[TimeControl "720+1"]

1. e4 e5 2. Nf3 Nc6 3. Bc4 Bc5 4. O-O Nf6 5. d3 d6 6. c3 a5 7. Bg5 O-O 8. a4 h6 
9. Bh4 g5 10. Bg3 Kg7 11. Na3 Ne7 12. Re1 Ng6 13. d4 exd4 14. Nxd4 Re8 
15. f3 Ne5 16. Bb3 Nh5 17. Bf2 Nf4 18. Be3 Qf6 19. Kh1 Nfd3 20. Re2 Nf4 
21. Rd2 h5 22. Nac2 h4 23. Bf2 Kg8 24. Ne3 Be6 25. h3 c6 26. Bxe6 fxe6 
27. Ng4 Nxg4 28. fxg4 Rf8 29. Qb3 Qf7 30. Nf3 Bxf2 31. Rxf2 Qe7 32. c4 Rf7 
33. Qc3 e5 34. c5 dxc5 35. Nxe5 Rff8 36. Qb3+ Kg7 37. Nf3 Rad8 38. Raf1 Ne6 
39. Qb6 Kg8 40. Qxa5 Ra8 41. Qc3 Rxa4 42. Qe5 Rf7 43. Kg1 Ra8 44. Rd1 Qf6 
45. Qxf6 Rxf6 46. Rd6 Re8 47. Rd7 Ref8 48. Rfd2 R6f7 49. Kf2 Rxd7 50. Rxd7 Rf7 
51. Rd6 Re7 52. g3 hxg3+ 53. Kxg3 Kf7 54. e5 c4 55. h4 gxh4+ 56. Kxh4 Re8 
57. Rd7+ Re7 58. Rd6 Re8 59. Kg3 Ke7 60. Nh4 Kf8 61. Rd7 Nc5 62. Rc7 Kg8 
63. Nf3 Kf8 64. Nh4 Kg8 65. Nf3 Kf8 66. g5 Re7 67. Rxe7 Kxe7 68. Kh4 Ne6 
69. Kg4 b5 70. Kf5 b4 71. g6 c3 72. bxc3 bxc3 73. Ne1 Nd4+ 74. Ke4 c2 75. g7 Kf7 
76. Nxc2 Nxc2 77. e6+ 1/2-1/2

[Event "Monday 22January Rapid Engine Tour 12+1 Rounds 9 Starts 1600 ST"]
[Site "Infinity Chess"]
[Date "2018.1.22"]
[Round "9"]
[White "hafaba"]
[Black "BraveDevil"]
[Result "1/2-1/2"]
[ECO "A50"]
[WhiteElo "2418"]
[BlackElo "2392"]
[WhiteEngine "Stockfish SL FA POPCNT_CTG"]
[BlackEngine "Cryptic AIL V1"]
[EventType "Swiss"]
[WhiteTeam ""]
[BlackTeam ""]
[PlyCount "148"]
[TimeControl "720+1"]

1. d4 Nf6 2. c4 c6 3. Nc3 d5 4. cxd5 cxd5 5. Bf4 e6 6. Rc1 Nc6 7. e3 Be7 
8. h3 Bd6 9. Bxd6 Qxd6 10. Nf3 O-O 11. Bd3 Bd7 12. O-O a6 13. a3 Rac8 14. Re1 b5 
15. b4 e5 16. dxe5 Nxe5 17. Nxe5 Qxe5 18. Ne2 Qb2 19. Ra1 Qe5 20. Qd2 Qg5 
21. Nf4 Qe5 22. Red1 Rfd8 23. Rac1 g6 24. Bb1 Rxc1 25. Rxc1 Rc8 26. Ba2 Rxc1+ 
27. Qxc1 Be6 28. Nd3 Qg5 29. Kf1 Ne4 30. Qb2 Kf8 31. Nf4 Qf6 32. Qxf6 Nxf6 
33. Ke2 Ke7 34. Kd3 g5 35. Ne2 Kd6 36. f4 h6 37. Kd4 Ng8 38. f5 Bxf5 
39. Bxd5 Ne7 40. Bxf7 Nc6+ 41. Kc3 Be4 42. g3 Ne5 43. Bb3 Bg2 44. h4 gxh4 
45. gxh4 Ng6 46. h5 Ne7 47. Nf4 Bf3 48. a4 bxa4 49. Bxa4 Nf5 50. Kd2 Ng7 
51. Bb3 Bxh5 52. e4 Be8 53. Ke3 h5 54. Kd4 h4 55. e5+ Kc6 56. Bd5+ Kb5 
57. Kc3 Bd7 58. Bg2 Bg4 59. Bf1+ Kc6 60. Bg2+ Kc7 61. Kd4 Kb6 62. Nd5+ Kb5 
63. Bf1+ Kc6 64. Ne7+ Kd7 65. Nd5 Nf5+ 66. Kc5 Ke6 67. Nf4+ Kxe5 68. Nd3+ Ke6 
69. Nf2 Ne3 70. Bxa6 Kd7 71. Nxg4 Nxg4 72. Be2 Nf6 73. Bd3 Kc7 74. Bf5 Nd7+ 
1/2-1/2

[Event "Monday 22January Rapid Engine Tour 12+1 Rounds 9 Starts 1600 ST"]
[Site "Infinity Chess"]
[Date "2018.1.22"]
[Round "9"]
[White "ocirema"]
[Black "Thinker"]
[Result "1/2-1/2"]
[ECO "C53"]
[WhiteElo "2426"]
[BlackElo "2420"]
[WhiteEngine "asmfish-popcnt-012018-W_CTG"]
[BlackEngine "BrainFish_180113_x64_modern_CTG"]
[EventType "Swiss"]
[WhiteTeam ""]
[BlackTeam ""]
[PlyCount "163"]
[TimeControl "720+1"]

1. e4 e5 2. Nf3 Nc6 3. Bc4 Bc5 4. c3 Nf6 5. d4 exd4 6. e5 d5 7. Bb5 Ne4 
8. cxd4 Bb6 9. O-O Bg4 10. a4 a5 11. Nc3 O-O 12. Bxc6 bxc6 13. h3 Bh5 14. Be3 f6 
15. g4 Be8 16. exf6 Nxf6 17. Rc1 Qd6 18. Kg2 Ba7 19. Ne5 Rb8 20. Nd3 Bg6 
21. Bf4 Qe7 22. Ne5 Be8 23. Re1 Ne4 24. Nxe4 Rxf4 25. Nc5 Bxc5 26. Nd3 Qf6 
27. Nxf4 Bb4 28. Rxe8+ Rxe8 29. Nd3 Bd6 30. Ne5 Bxe5 31. dxe5 Rxe5 32. Rc5 h5 
33. Qf3 hxg4 34. hxg4 Re4 35. Rxa5 Qf8 36. Qf5 Qxf5 37. gxf5 Kf7 38. Ra6 Rc4 
39. a5 Kf6 40. Ra8 Kxf5 41. a6 Ra4 42. a7 Kg6 43. b3 Ra3 44. b4 Ra2 45. Kf3 Kf7 
46. Ke3 g5 47. Kd3 Ke7 48. f3 Kd7 49. Kd4 Ra3 50. Ke5 Re3+ 51. Kd4 Ra3 
52. Ke5 Ke7 53. f4 gxf4 54. Kxf4 Kd7 55. Ke5 Ra4 56. Kf5 Ke7 57. Ke5 Kd7 
58. Kf5 Ra3 59. Ke5 Ra2 60. Kf4 Rf2+ 61. Ke3 Ra2 62. Kd3 Ra4 63. Ke3 Ra2 
64. Kd3 Ra3+ 65. Kd4 Ra1 66. Kc5 Ra2 67. Rh8 Rxa7 68. Rh7+ Ke8 69. Kxc6 d4 
70. b5 Ra2 71. b6 Rc2+ 72. Kb5 d3 73. b7 Rb2+ 74. Kc6 d2 75. Rh8+ Kf7 
76. Rh7+ Ke6 77. Rh6+ Kf7 78. Rh1 Ke6 79. Kxc7 Rc2+ 80. Kb6 Rb2+ 81. Kc6 Rc2+ 
82. Kb5 1/2-1/2

[Event "Monday 22January Rapid Engine Tour 12+1 Rounds 9 Starts 1600 ST"]
[Site "Infinity Chess"]
[Date "2018.1.22"]
[Round "9"]
[White "star99"]
[Black "SkyPilot"]
[Result "1/2-1/2"]
[ECO "D15"]
[WhiteElo "2430"]
[BlackElo "2464"]
[WhiteEngine "Cryptic AIL V1"]
[BlackEngine "stockfish_x64_bmi2_2018_01_13_CTG"]
[EventType "Swiss"]
[WhiteTeam ""]
[BlackTeam ""]
[PlyCount "47"]
[TimeControl "720+1"]

1. d4 d5 2. c4 c6 3. Nf3 Nf6 4. Nc3 e6 5. e3 Nbd7 6. h3 a6 7. Be2 b6 8. O-O Bb7 
9. b3 Bd6 10. a4 c5 11. cxd5 exd5 12. Bb2 O-O 13. Rc1 Re8 14. Bd3 Ne4 
15. Bb1 Rc8 16. dxc5 Nxc3 17. Qd3 Ne2+ 18. Qxe2 bxc5 19. Rfd1 Nf6 20. Bd3 Rc6 
21. Qd2 Rc8 22. Qe2 Rc6 23. Qd2 Rc8 24. Qe2 1/2-1/2

[Event "Monday 22January Rapid Engine Tour 12+1 Rounds 9 Starts 1600 ST"]
[Site "Infinity Chess"]
[Date "2018.1.22"]
[Round "9"]
[White "KhalidOmar"]
[Black "Longin"]
[Result "1/2-1/2"]
[ECO "E10"]
[WhiteElo "2459"]
[BlackElo "2454"]
[WhiteEngine "Eman 1.66 64-bit BMI2"]
[BlackEngine "S_XPrO.251117.x64.POPCNT_CTG"]
[EventType "Swiss"]
[WhiteTeam ""]
[BlackTeam ""]
[PlyCount "73"]
[TimeControl "720+1"]

1. d4 Nf6 2. c4 e6 3. Nf3 d5 4. Nc3 c6 5. Bg5 h6 6. Bxf6 Qxf6 7. e3 Nd7 
8. Bd3 dxc4 9. Bxc4 Bd6 10. Ne4 Bb4+ 11. Ke2 Qd8 12. g4 f5 13. gxf5 exf5 
14. Nc5 Bxc5 15. dxc5 Nxc5 16. Ne5 Be6 17. Bxe6 Nxe6 18. Ng6 Qxd1+ 19. Raxd1 Rg8 
20. Ne5 f4 21. Rd6 Ke7 22. Rd7+ Kf6 23. Ng4+ Kf5 24. Rg1 fxe3 25. Nxe3+ Kf6 
26. Rxb7 Rab8 27. Ng4+ Kg5 28. Rf7 Kh5 29. b3 Rgf8 30. Rxf8 Rxf8 31. Ne5 Nf4+ 
32. Ke3 g5 33. Nxc6 Re8+ 34. Kf3 Rf8 35. Ke3 Re8+ 36. Kf3 Rf8 37. Ke3 1/2-1/2

[Event "Monday 22January Rapid Engine Tour 12+1 Rounds 9 Starts 1600 ST"]
[Site "Infinity Chess"]
[Date "2018.1.22"]
[Round "9"]
[White "CrapCleaner"]
[Black "Katzenmaier"]
[Result "1/2-1/2"]
[ECO "C50"]
[WhiteElo "2472"]
[BlackElo "2468"]
[WhiteEngine "Raubfisch ME262_GTZ16b3._CTG"]
[BlackEngine "SugaR XPrO x64 POPCNT_CTG"]
[EventType "Swiss"]
[WhiteTeam ""]
[BlackTeam ""]
[PlyCount "97"]
[TimeControl "720+1"]

1. e4 e5 2. Nf3 Nc6 3. Bc4 Bc5 4. O-O Nf6 5. d3 d6 6. c3 a5 7. Bg5 Ba7 
8. Nbd2 h6 9. Bh4 g5 10. Bg3 Nd7 11. d4 h5 12. h4 f6 13. dxe5 Ndxe5 14. Bb5 Bd7 
15. hxg5 h4 16. Bxe5 fxe5 17. Kh1 Qe7 18. Rb1 O-O 19. b4 axb4 20. cxb4 Rf4 
21. Qa4 Qe8 22. Qc2 Qh5 23. Be2 Bg4 24. b5 Nd4 25. Nxd4 Bxd4 26. Bxg4 Qxg4 
27. Qxc7 h3 28. g3 Qxg5 29. Qxd6 Rf6 30. Qe7 Raf8 31. Nf3 Qg4 32. Nxd4 exd4 
33. f4 Qe2 34. Rg1 Qf3+ 35. Kh2 Qf2+ 36. Kh1 Qf3+ 37. Kh2 Qe2+ 38. Kh1 Kh8 
39. a3 Qf3+ 40. Kh2 Qe2+ 41. Kh1 R8f7 42. Qe5 Qf3+ 43. Kh2 Qe2+ 44. Kh1 Kh7 
45. Qxd4 Qf3+ 46. Kh2 Qe2+ 47. Kh1 Qf3+ 48. Kh2 Qe2+ 49. Kh1 1/2-1/2

[Event "Monday 22January Rapid Engine Tour 12+1 Rounds 9 Starts 1600 ST"]
[Site "Infinity Chess"]
[Date "2018.1.22"]
[Round "9"]
[White "MarioDeMonti"]
[Black "xeonrocks"]
[Result "1/2-1/2"]
[ECO "C55"]
[WhiteElo "2476"]
[BlackElo "2540"]
[WhiteEngine "stockfish_x64_bmi2_2018_01_13_CTG"]
[BlackEngine "asmFishW_CTG"]
[EventType "Swiss"]
[WhiteTeam ""]
[BlackTeam ""]
[PlyCount "99"]
[TimeControl "720+1"]

1. e4 e5 2. Nf3 Nc6 3. Bc4 Nf6 4. d3 Bc5 5. c3 a5 6. O-O d6 7. Re1 O-O 
8. Nbd2 Be6 9. Bb5 Ne7 10. d4 Ba7 11. Nf1 exd4 12. Nxd4 Ng6 13. Ba4 h6 
14. Be3 Bc8 15. Ng3 Ng4 16. Ngf5 Bxf5 17. Nxf5 Nxe3 18. Nxe3 Qh4 19. Bc2 Ne5 
20. Qe2 Bxe3 21. Qxe3 Rfe8 22. Rad1 g5 23. Qg3 Qf4 24. Qxf4 gxf4 25. f3 h5 
26. Kf2 Re6 27. Bd3 h4 28. Be2 Rg6 29. Rg1 Kg7 30. g3 hxg3+ 31. hxg3 fxg3+ 
32. Rxg3 Rh8 33. Rxg6+ fxg6 34. b4 axb4 35. cxb4 Ra8 36. f4 Nf7 37. Bc4 Ra4 
38. Rc1 Rxb4 39. Bxf7 Kxf7 40. Rxc7+ Kf6 41. Kf3 g5 42. fxg5+ Kxg5 43. Ke3 Kf6 
44. Kf4 d5 45. Kf3 dxe4+ 46. Kf4 e3+ 47. Kxe3 Ke6 48. Rc2 Ke5 49. Rd2 Rg4 
50. Rb2 1/2-1/2

[Event "Monday 22January Rapid Engine Tour 12+1 Rounds 9 Starts 1600 ST"]
[Site "Infinity Chess"]
[Date "2018.1.22"]
[Round "9"]
[White "Wolle"]
[Black "RonWeasley"]
[Result "1/2-1/2"]
[ECO "C11"]
[WhiteElo "2506"]
[BlackElo "2507"]
[WhiteEngine "Raubfisch X37a2_CTG"]
[BlackEngine "BrainFish 130117_CTG"]
[EventType "Swiss"]
[WhiteTeam ""]
[BlackTeam ""]
[PlyCount "78"]
[TimeControl "720+1"]

1. e4 e6 2. d4 d5 3. Nc3 Nf6 4. e5 Nfd7 5. f4 c5 6. Nf3 Nc6 7. Be3 cxd4 
8. Nxd4 Qb6 9. Qd2 Qxb2 10. Rb1 Qa3 11. Bb5 Nxd4 12. Bxd4 a6 13. Bxd7+ Bxd7 
14. Rb3 Qe7 15. Rxb7 Rc8 16. O-O Qd8 17. f5 exf5 18. Qd3 Bc5 19. Bxc5 Rxc5 
20. Nxd5 Bc8 21. Re7+ Kf8 22. Qa3 Qa5 23. Qxa5 Rxa5 24. Rc7 Be6 25. Nf4 Rxe5 
26. Nxe6+ Rxe6 27. Rxf5 Re7 28. Rc8+ Re8 29. Rfc5 Ke7 30. R8c7+ Kf6 31. Ra7 Re6 
32. Rc3 Rf8 33. Ra3 g6 34. R7xa6 Rxa6 35. Rxa6+ Ke5 36. Ra5+ Ke6 37. Ra6+ Ke5 
38. Ra5+ Ke6 39. Ra6+ Ke5 1/2-1/2

[Event "Monday 22January Rapid Engine Tour 12+1 Rounds 9 Starts 1600 ST"]
[Site "Infinity Chess"]
[Date "2018.1.22"]
[Round "8"]
[White "Victorious"]
[Black "IronMan"]
[Result "1/2-1/2"]
[ECO "A40"]
[WhiteElo "2460"]
[BlackElo "2389"]
[WhiteEngine "BugChess2.41_Release"]
[BlackEngine "Eman 1.58 64-bit BMI2"]
[EventType "Swiss"]
[WhiteTeam ""]
[BlackTeam ""]
[PlyCount "247"]
[TimeControl "720+1"]

1. d4 e6 2. e4 d5 3. e5 c5 4. c3 Qb6 5. Nf3 Nc6 6. a3 f6 7. Bd3 fxe5 8. dxe5 c4 
9. Bc2 g6 10. O-O Bg7 11. Nbd2 Nge7 12. Re1 O-O 13. a4 Nf5 14. b3 cxb3 
15. Bxb3 Nh4 16. Ba3 Nxf3+ 17. Nxf3 Rxf3 18. gxf3 Nxe5 19. f4 Nf3+ 20. Qxf3 Qxb3 
21. Reb1 Qc4 22. Bd6 a5 23. Qe3 Bxc3 24. Qb6 Bd7 25. Qxb7 Qc6 26. Ra3 d4 
27. Rab3 h5 28. Rb6 Qxb7 29. Rxb7 Bxa4 30. Be5 Bb4 31. Ra1 Bc6 32. Rg7+ Kf8 
33. Bxd4 Be4 34. Rc1 Bd6 35. Re1 Bd5 36. Rxg6 Rc8 37. Kf1 a4 38. Ke2 Rc4 
39. Kd3 a3 40. Reg1 Ke8 41. Rg7 Bxf4 42. Rg8+ Ke7 43. R1g7+ Kd6 44. Rd8+ Kc6 
45. Ra8 Kd6 46. Ra6+ Rc6 47. Rxa3 Bxh2 48. Ra8 e5 49. Rg6+ Ke7 50. Ra7+ Kf8 
51. Rxc6 Bxc6 52. Be3 Bf3 53. Bh6+ Kg8 54. Bg5 e4+ 55. Kd4 Bd6 56. Rd7 Bh2 
57. Ra7 Bd6 58. Ra6 Bh2 59. Rh6 Kg7 60. Ra6 Kh7 61. Rb6 Bc7 62. Ra6 Bb8 
63. Ke3 Be5 64. Re6 Bc3 65. Rh6+ Kg7 66. Ra6 Bb2 67. Rc6 Be5 68. Re6 Bc3 
69. Ra6 Be5 70. Bd8 Kf8 71. Bh4 Kg7 72. Rb6 Kf7 73. Ra6 Bg2 74. Rh6 Bf3 
75. Ra6 Kg7 76. Rc6 Kf7 77. Rb6 Kg7 78. Bg5 Kf7 79. Bh4 Kg7 80. Ra6 Kg8 
81. Bg3 Bxg3 82. Rg6+ Kf7 83. Rxg3 Ke6 84. Kf4 Kd5 85. Rg8 Kc4 86. Rd8 Bg2 
87. Rh8 Bf3 88. Ke3 Kd5 89. Kf4 Kd6 90. Kf5 Kc5 91. Rd8 Kc4 92. Kf4 Bg2 
93. Kg5 Bf3 94. Kh4 Kc5 95. Rd7 Bg4 96. Rd8 Bf3 97. Kh3 Kc4 98. Rd2 Kc5 
99. Kg3 Kc4 100. Kh2 Kb3 101. Rd4 Kc3 102. Rd7 Bg4 103. Rd6 Kc4 104. Rd8 Kc5 
105. Rd2 Bf3 106. Kh3 Kc4 107. Kg3 Kc5 108. Kh3 Bg4+ 109. Kg2 Bf3+ 110. Kg3 Kc4 
111. Rd8 Kc3 112. Kf4 Kc4 113. Kg3 Kc5 114. Rc8+ Kd4 115. Rd8+ Ke5 116. Kh4 Kf5 
117. Rf8+ Kg6 118. Rg8+ Kf5 119. Re8 Be2 120. Rf8+ Kg6 121. Re8 Kf5 
122. Rf8+ Kg6 123. Ra8 Kf5 124. Re8 1/2-1/2